Map: Efflorescence LE

Players

SliQster

  • Race: Protoss Protoss
  • League: Diamond
  • Spawn Location: 9:00

Hopeaturku

  • Race: Zerg Zerg
  • League: Platinum
  • Spawn Location: 6:00

qqq - Winner!

  • Race: Zerg Zerg
  • Spawn Location: 3:00

Massa - Winner!

  • Race: Terran Terran
  • League: Gold
  • Spawn Location: 12:00

VOD

Have the link to the VOD?

Description

Time

  • Played on: July 2, 2020, 3:20 p.m.
  • Length: 18:27
Show
View Real Time Build Order
Export as new Build Order

SliQster Protoss 

Build Orders:  

Get SALT Encoding   

  12  0:01  Probe  
  13  0:13  Probe  
  14  0:19  Pylon  
  14  0:25  Probe  
  15  0:33  Probe  
  15  0:42  Probe  
  16  0:44  Gateway  
  17  0:59  Probe  
  17  1:03  Assimilator  
  19  1:11  Probe  
  19  1:23  Probe  
  20  1:35  Probe  
  20  1:37  Cybernetics Core  
  21  1:46  Nexus  
  21  1:47  Probe  
  21  1:52  Assimilator  
  21  1:59  Probe  
  22  2:03  Warp Gate  
  22  2:22  Pylon  
  22  2:31  Twilight Council, Adept  
  22  2:34  Pylon  
  22  2:41  Pylon  
  24  2:53  Resonating Glaives  
  24  2:55  Probe  
  24  3:15  Probe  
  25  3:21  Probe  
  26  3:27  Probe  
  26  3:33  Probe  
  26  3:56  Probe, Adept  
  26  4:00  Probe  
  30  4:09  Probe  
  31  4:10  Gateway  
  31  4:12  Probe, Gateway  
  31  4:15  Gateway  
  32  4:25  Gateway  
  32  4:27  Gateway  
  32  4:34  Robotics Facility  
  32  4:36  Probe x2  
  34  4:48  Probe x2  
  34  4:50  Adept  
  34  5:11  Adept x2  
  34  5:13  Adept x2  
  42  5:15  Warp Prism  
  42  5:27  Probe  
  42  5:28  Probe  
  44  5:34  Adept x2  
  44  5:35  Probe, Adept  
  52  5:36  Probe  
  54  5:48  Probe, Pylon  
  54  5:49  Probe  
  56  6:05  Assimilator  
  56  6:09  Assimilator  
  56  6:12  Adept x4  
  56  6:13  Adept x2  
  68  6:20  Observer  
  68  6:25  Probe, Forge  
  70  6:34  Pylon  
  70  6:35  Pylon  
  70  6:51  Probe x2  
  70  6:53  Adept x4  
  76  6:55  Adept  
  78  7:03  Probe  
  71  7:18  Adept  
  68  7:34  Adept  
  68  7:35  Adept x3  
  68  7:36  Adept  
  74  7:43  Probe  
  65  7:48  Probe  
  60  7:53  Protoss Ground Weapons Level 1  
  60  7:55  Probe  
  59  8:01  Probe  
  59  8:03  Dark Shrine  
  58  8:14  Probe  
  59  8:31  Adept  
  59  8:32  Adept x5  
  61  8:56  Observer  
  61  9:00  Nexus  
  62  9:06  Probe  
  63  9:28  Dark Templar x6  
  53  9:55  Probe  
  53  9:56  Probe  
  53  9:59  Pylon  
  47  10:00  Pylon  
  47  10:03  Dark Templar x5  
  47  10:04  Dark Templar  
  59  10:07  Archon x3  
  59  10:17  Probe x3  
  62  10:28  Adept x3  
  62  10:29  Probe x2, Adept  
  62  10:33  Adept  
  74  10:38  Adept  
  74  10:40  Probe  
  74  10:41  Probe  
  78  10:47  Dark Templar  
  76  10:59  Adept x3  
  82  11:09  Probe, Protoss Ground Weapons Level 2  
  78  11:13  Probe  
  78  11:14  Probe  
  78  11:17  Probe  
  78  11:18  Templar Archives  
  81  11:23  Assimilator  
  82  11:25  Probe  
  82  11:26  Probe, Assimilator  
  82  11:27  Probe  
  85  11:34  Adept x3  
  85  11:38  Probe, Adept  
  92  11:54  Robotics Facility  
  92  11:59  Immortal  
  96  12:04  Photon Cannon  
  96  12:07  Photon Cannon  
  96  12:09  Photon Cannon  
  96  12:12  Photon Cannon  
  96  12:15  Photon Cannon  
  96  12:18  Probe x3, Photon Cannon  
  99  12:26  Probe  
  99  12:30  Probe  
  99  12:31  Probe  
  102  12:39  High Templar x5  
  102  12:40  High Templar  
  102  12:43  Archon x3  
  114  13:02  Probe  
  115  13:06  Psionic Storm  
  115  13:07  Nexus  
  115  13:10  Pylon  
  115  13:18  Pylon, Immortal x2  
  115  13:20  Pylon  
  115  13:22  Pylon  
  115  13:24  Pylon  
  123  13:41  Gateway  
  123  13:43  Gateway  
  123  13:45  Gateway  
  123  13:47  Gateway  
  123  13:50  Pylon  
  123  13:52  Gateway, Pylon  
  123  13:54  Protoss Ground Weapons Level 3  
  123  13:57  Immortal  
  123  14:01  Immortal  
  127  14:13  Charge  
  131  14:27  Zealot  
  131  14:28  Zealot x2  
  131  14:29  Zealot  
  139  14:39  Probe x3  
  139  14:40  Probe  
  139  14:42  Assimilator  
  139  14:44  Assimilator  
  143  14:52  Zealot x7  
  157  15:04  Probe x3  
  140  15:08  Probe  
  137  15:16  Probe x2  
  137  15:18  High Templar x6  
  137  15:19  High Templar x5  
  161  15:22  Archon x3  
  161  15:23  Archon x2  
  143  15:55  Nexus  
  142  16:06  Pylon  
  142  16:08  Pylon  
  142  16:09  Protoss Air Weapons Level 1  
  142  16:11  Stalker  
  142  16:12  Stalker x2  
  96  17:08  Stalker x2  
  96  17:09  Stalker x5  
  96  17:10  Stalker x4  
  89  17:33  Zealot x4  
  89  17:34  Zealot x4  
  89  17:35  Zealot  
  96  17:45  Nexus  
  75  18:13  Stalker  
  75  18:14  Stalker x7  
  75  18:15  Stalker x3  
Show
View Real Time Build Order
Export as new Build Order

Hopeaturku Zerg 

Build Orders: Pool First 

Get SALT Encoding   

  12  0:01  Drone  
  13  0:11  Drone  
  14  0:18  Overlord  
  14  0:35  Spawning Pool  
  13  0:39  Drone  
  13  0:41  Drone  
  15  0:49  Drone  
  16  0:52  Drone  
  17  1:17  Drone  
  18  1:20  Hatchery  
  17  1:27  Extractor  
  17  1:30  Drone x2  
  18  1:36  Queen  
  20  1:45  Spine Crawler  
  19  1:47  Drone  
  19  1:53  Drone  
  21  2:00  Overlord  
  21  2:08  Overlord  
  21  2:20  Queen  
  21  2:22  Drone  
  24  2:38  Spine Crawler  
  23  2:45  Queen  
  23  2:48  Metabolic Boost  
  25  3:09  Pneumatized Carapace  
  25  3:10  Drone x5  
  30  3:38  Drone x6  
  30  3:39  Drone x2  
  38  3:55  Baneling Nest  
  38  3:57  Drone x2  
  39  4:10  Zergling x2  
  39  4:11  Zergling x8  
  44  4:39  Zergling x2  
  44  4:40  Zergling x4  
  44  4:42  Zergling x4  
  44  4:45  Zergling x6  
  43  4:51  Zergling x2  
  44  4:54  Zergling x2  
  38  5:00  Baneling x4  
  38  5:01  Zergling x4  
  38  5:02  Zergling x6  
  38  5:04  Zergling x2  
  37  5:36  Lair  
  37  5:39  Drone  
  37  5:40  Drone x5  
  43  5:45  Hatchery  
  42  5:52  Queen  
  43  6:17  Zergling x10  
  43  6:18  Zergling x2  
  44  6:19  Baneling x5  
  44  6:30  Evolution Chamber  
  40  6:43  Zergling x6  
  40  6:47  Baneling x4  
  43  6:48  Zergling x2  
  43  6:50  Overlord x2  
  44  7:22  Hatchery  
  43  7:27  Hatchery  
  42  7:31  Zerg Ground Armor Level 1  
  42  7:37  Drone x2, Evolution Chamber  
  42  7:38  Drone x3  
  42  7:40  Extractor  
  42  7:43  Roach Warren  
  44  7:46  Extractor  
  44  7:47  Extractor  
  42  7:55  Overseer  
  42  7:56  Overseer x2  
  42  8:06  Drone x4  
  42  8:07  Drone x2  
  42  8:11  Queen x2  
  52  8:22  Spore Crawler  
  51  8:28  Zergling x4  
  51  8:29  Zergling x4  
  55  8:52  Roach x5  
  55  8:53  Roach x3  
  71  8:59  Zerg Missile Weapons Level 1  
  71  9:12  Overlord  
  71  9:13  Overlord x3  
  71  9:24  Overlord  
  71  9:30  Queen x3  
  71  9:31  Queen  
  77  9:34  Drone x5  
  77  9:36  Drone  
  85  9:44  Overseer  
  85  9:45  Overseer  
  85  9:55  Drone x2  
  87  10:03  Glial Reconstitution  
  87  10:04  Roach x3  
  87  10:06  Queen  
  95  10:16  Spine Crawler  
  95  10:17  Roach  
  95  10:18  Roach x3  
  99  10:22  Roach  
  99  10:28  Spine Crawler  
  98  10:30  Roach x2  
  98  10:33  Drone  
  103  10:46  Spine Crawler  
  103  10:47  Spine Crawler, Overlord x2  
  101  10:54  Zerg Missile Weapons Level 2  
  101  11:01  Baneling x4  
  101  11:07  Overseer  
  101  11:13  Infestation Pit  
  101  11:18  Roach x5  
  110  11:19  Roach  
  110  11:23  Drone x2  
  114  11:41  Roach x2  
  118  11:52  Zerg Ground Armor Level 2  
  118  11:55  Hive  
  118  11:57  Pathogen Glands  
  118  11:59  Roach  
  116  12:19  Overlord x3  
  116  12:20  Spore Crawler  
  115  12:27  Spore Crawler  
  115  12:28  Overlord x3  
  104  13:00  Hydralisk Den  
  103  13:06  Ravager  
  104  13:22  Drone x2  
  104  13:23  Drone x7  
  104  13:24  Drone  
  104  13:25  Drone x3  
  104  13:26  Drone x4  
  121  13:30  Drone  
  121  13:31  Drone x2  
  121  13:32  Drone x3  
  121  13:33  Drone  
  128  13:42  Drone x3  
  128  13:45  Overseer  
  131  13:51  Hydralisk  
  131  13:52  Hydralisk x3  
  131  13:54  Hydralisk  
  140  14:07  Hydralisk x3  
  140  14:08  Hydralisk x3  
  152  14:28  Zerg Missile Weapons Level 3  
  152  14:29  Zerg Ground Armor Level 3  
  152  14:31  Hydralisk x3  
  152  14:35  Muscular Augments  
  158  14:57  Overlord x6  
  158  14:58  Overlord  
  158  15:05  Spire  
  157  15:09  Spire  
  157  15:10  Overlord x2  
  157  15:11  Overlord  
  156  15:46  Grooved Spines  
  144  16:18  Corruptor  
  144  16:19  Corruptor x8  
  162  16:52  Corruptor x3  
  168  17:02  Corruptor  
  156  17:11  Hydralisk  
  156  17:15  Overlord x3  
  146  17:16  Overlord x3  
  146  17:18  Overlord x4  
  146  17:19  Overlord x7  
  146  17:20  Overlord x3  
  132  17:26  Hydralisk  
  124  17:33  Corruptor  
  126  17:38  Extractor  
  126  17:40  Extractor  
  124  17:46  Overlord x4  
  124  17:47  Overlord x2  
  124  17:58  Corruptor  
Show
View Real Time Build Order
Export as new Build Order

qqq Zerg - Winner!

Build Orders: Hatch First, Brood Lord Corruptor 

Get SALT Encoding   

  12  0:01  Drone  
  13  0:31  Hatchery  
  12  0:36  Drone  
  12  0:40  Drone  
  14  0:48  Overlord  
  14  0:52  Extractor  
  14  0:56  Drone  
  14  1:08  Drone  
  15  1:16  Drone  
  16  1:21  Spawning Pool  
  15  1:43  Drone  
  16  1:57  Drone x2  
  16  1:58  Drone  
  19  2:06  Drone x2  
  21  2:13  Drone  
  22  2:16  Drone  
  22  2:18  Queen  
  22  2:22  Queen  
  27  2:27  Overlord  
  27  2:35  Metabolic Boost  
  27  2:40  Zergling x2  
  28  2:46  Overlord  
  28  2:48  Drone x2  
  28  2:49  Drone  
  31  3:02  Drone  
  31  3:03  Zergling x4  
  34  3:08  Baneling Nest  
  34  3:11  Drone  
  34  3:12  Zergling x2  
  35  3:23  Overlord  
  35  3:25  Zergling x2  
  36  3:28  Zergling x6  
  36  3:31  Zergling x2  
  36  3:32  Zergling x4  
  42  3:37  Zergling x2  
  42  3:38  Zergling x2  
  44  3:45  Zergling x2  
  45  3:49  Zergling x2  
  45  3:54  Baneling x4  
  46  3:59  Zergling x4  
  48  4:37  Hatchery  
  47  4:42  Zergling x12  
  47  4:43  Zergling x4  
  47  4:44  Zergling x2  
  49  4:52  Zergling x2  
  49  4:53  Zergling x6  
  50  5:02  Drone  
  50  5:03  Zergling x2  
  45  5:22  Baneling x6  
  45  5:25  Drone x3, Zergling x2  
  45  5:26  Hatchery, Zergling x6  
  45  5:27  Zergling x2  
  52  5:29  Overlord  
  52  5:33  Lair  
  52  5:43  Overlord x2  
  52  5:44  Overlord  
  50  6:17  Zergling x4  
  50  6:18  Drone x2, Zergling x4  
  53  6:19  Drone x2, Zergling x6  
  53  6:25  Drone, Overlord  
  55  6:47  Zergling x4  
  55  6:48  Drone x2, Zergling x6  
  55  6:52  Spore Crawler  
  51  6:56  Spore Crawler  
  51  6:57  Spine Crawler  
  49  7:07  Zergling x6  
  49  7:08  Zergling x16  
  53  7:16  Roach Warren  
  52  7:24  Drone x2  
  52  7:25  Zergling x4  
  52  7:26  Zergling x6  
  55  7:51  Zergling x4  
  49  7:53  Zergling x12  
  49  7:54  Zergling x6  
  49  7:55  Drone x2  
  57  8:01  Roach x3  
  57  8:05  Extractor x2  
  62  8:08  Drone x4  
  62  8:10  Spine Crawler  
  64  8:20  Spine Crawler  
  63  8:30  Spine Crawler  
  59  8:40  Baneling  
  59  8:41  Baneling x2  
  59  8:42  Roach x4  
  59  8:48  Spine Crawler  
  66  8:49  Spine Crawler  
  65  9:06  Drone x3  
  65  9:07  Drone x6  
  65  9:08  Drone x2  
  65  9:09  Roach x3  
  82  9:15  Infestation Pit  
  81  9:17  Spire  
  80  9:33  Drone  
  80  9:34  Drone x4  
  82  9:43  Overseer  
  81  10:03  Roach x3  
  81  10:04  Drone x2  
  81  10:05  Drone x2  
  81  10:06  Drone x2  
  93  10:15  Extractor  
  83  10:33  Mutalisk x3  
  88  10:36  Mutalisk  
  90  10:44  Extractor x2  
  90  10:48  Drone x6  
  94  10:52  Extractor  
  94  10:53  Extractor  
  92  10:58  Mutalisk, Zerg Flyer Weapons Level 1  
  94  11:05  Hatchery  
  94  11:09  Hive  
  93  11:19  Roach x4  
  93  11:20  Roach  
  93  11:22  Overlord  
  103  11:32  Hatchery  
  102  11:34  Hatchery  
  102  11:36  Hatchery  
  102  11:37  Hatchery  
  102  11:39  Drone x2  
  102  11:40  Drone x4  
  102  11:43  Mutalisk x2  
  102  11:44  Mutalisk  
  111  12:22  Mutalisk x3  
  113  12:24  Overlord x3  
  113  12:26  Overlord x5  
  113  12:27  Overlord  
  116  12:44  Zergling x4  
  109  12:56  Glial Reconstitution  
  109  12:59  Greater Spire  
  109  13:00  Corruptor x4  
  109  13:02  Drone x5  
  122  13:19  Drone x3  
  125  13:23  Drone x2  
  125  13:24  Drone x2  
  125  13:25  Corruptor x2  
  133  13:28  Drone  
  133  13:29  Drone  
  133  13:33  Drone x2  
  137  13:42  Drone x3  
  137  13:46  Corruptor x2  
  142  14:09  Zergling x2  
  143  14:10  Spine Crawler, Corruptor x3  
  143  14:13  Brood Lord x3  
  154  14:17  Brood Lord  
  156  14:26  Drone x4  
  156  14:30  Brood Lord  
  162  14:37  Brood Lord x2  
  166  14:40  Brood Lord  
  166  14:42  Corruptor  
  170  15:14  Corruptor x5  
  170  15:15  Corruptor x2  
  170  15:16  Drone x2  
  170  15:17  Drone x6  
  170  15:18  Drone  
  170  15:21  Brood Lord  
  191  15:41  Brood Lord x3  
  178  16:01  Hatchery  
  177  16:14  Hatchery  
  174  17:03  Corruptor x7  
  174  17:04  Corruptor x5  
  162  17:29  Corruptor  
  162  17:30  Corruptor x7  
  162  17:31  Corruptor x2  
  162  17:32  Drone x4  
  162  17:33  Drone x2  
  188  17:57  Brood Lord x2  
Show
View Real Time Build Order
Export as new Build Order

Massa Terran - Winner!

Build Orders:  

Get SALT Encoding   

  12  0:03  SCV  
  13  0:15  Supply Depot  
  13  0:18  SCV  
  14  0:28  Refinery  
  14  0:30  SCV  
  15  0:44  Barracks  
  15  0:47  SCV  
  16  0:59  SCV  
  17  1:11  SCV  
  18  1:23  SCV  
  19  1:34  Factory  
  19  1:48  Reaper  
  20  2:00  Orbital Command  
  20  2:16  Supply Depot  
  20  2:17  Factory Tech Lab  
  20  2:23  Barracks  
  20  2:26  Refinery  
  21  2:35  Reaper  
  21  2:39  Supply Depot  
  21  3:15  Marine  
  21  3:17  Siege Tank  
  24  3:21  Supply Depot  
  24  3:22  Supply Depot  
  24  3:33  Marine  
  25  3:45  Supply Depot  
  25  4:02  Marine  
  25  4:12  Reaper  
  25  4:15  Siege Tank  
  29  4:19  Command Center  
  29  4:25  SCV  
  29  4:28  Starport  
  30  4:38  SCV, Reaper  
  32  4:53  Barracks Tech Lab  
  32  5:29  SCV  
  32  5:31  SCV  
  34  5:39  Command Center  
  34  5:40  Medivac  
  34  5:41  SCV  
  34  5:42  Siege Tank  
  40  5:43  SCV  
  41  5:53  SCV  
  41  5:55  SCV  
  43  6:05  SCV  
  43  6:07  SCV  
  43  6:10  Medivac  
  47  6:18  SCV  
  31  7:09  Marauder  
  31  7:10  Marine  
  31  7:12  Siege Tank  
  25  7:28  Marine  
  25  7:30  Orbital Command  
  25  7:31  Marauder  
  27  7:42  Barracks  
  27  7:43  SCV  
  28  7:45  Marine  
  29  7:52  Marauder  
  29  7:55  SCV  
  32  8:03  Marine  
  33  8:05  SCV  
  33  8:07  SCV  
  35  8:14  Marauder  
  35  8:18  SCV  
  35  8:19  Medivac  
  41  8:20  SCV  
  41  8:21  Marine  
  42  8:28  SCV  
  42  8:30  SCV  
  42  8:32  SCV  
  45  8:35  Marauder  
  45  8:37  Engineering Bay  
  45  8:39  Marine  
  45  8:40  SCV  
  49  8:42  SCV  
  49  8:44  SCV  
  51  8:52  SCV  
  51  8:54  SCV  
  53  8:56  Marauder  
  53  8:57  Marine  
  53  8:58  Barracks Tech Lab  
  56  9:04  SCV  
  56  9:07  Missile Turret  
  57  9:14  Marine  
  57  9:17  Marine  
  55  9:32  Marine, Missile Turret  
  55  9:35  Marine  
  47  9:47  SCV x3  
  50  9:53  Marauder  
  50  9:56  Missile Turret  
  50  9:59  SCV x3  
  55  10:15  Marauder x2  
  55  10:16  Marine  
  55  10:19  SCV x3  
  63  10:31  SCV x3  
  63  10:33  Marine  
  63  10:34  Missile Turret  
  67  10:36  Marauder  
  67  10:37  Marauder  
  71  10:43  SCV x2  
  73  10:51  Marine  
  73  10:55  Missile Turret  
  74  10:57  Marauder  
  74  10:58  Marauder  
  68  11:09  Marine  
  50  11:19  Marauder, Marine  
  50  11:24  Refinery  
  53  11:28  Refinery  
  53  11:29  SCV  
  53  11:30  SCV x2  
  53  11:31  Refinery  
  56  11:35  Marine  
  56  11:37  Marauder  
  59  11:40  Marauder  
  59  11:41  SCV  
  59  11:42  SCV x2  
  64  11:53  SCV, Marine  
  66  11:54  SCV x2  
  68  12:06  SCV x3  
  71  12:10  Terran Infantry Armor Level 1  
  71  12:18  SCV x2  
  71  12:19  Missile Turret  
  74  12:26  Planetary Fortress  
  74  12:29  Missile Turret  
  73  12:30  SCV x2  
  73  12:35  Command Center  
  75  12:38  Marauder x2  
  75  12:40  Stimpack  
  75  12:42  SCV x2  
  81  12:54  SCV x2  
  83  12:59  Marauder x2  
  87  13:06  SCV  
  87  13:07  SCV x2  
  90  13:18  SCV  
  90  13:19  SCV x2  
  93  13:30  Supply Depot  
  93  13:31  Supply Depot  
  93  13:32  Supply Depot x2  
  93  13:33  Supply Depot  
  93  13:36  Supply Depot  
  93  13:37  Factory  
  93  13:44  Factory  
  93  13:45  Command Center  
  93  13:47  SCV, Marauder  
  96  13:52  Medivac  
  96  13:54  Supply Depot  
  96  13:55  Siege Tank  
  101  14:00  Supply Depot  
  101  14:04  Terran Infantry Weapons Level 1  
  101  14:06  Combat Shield  
  101  14:09  Barracks Tech Lab  
  101  14:19  Planetary Fortress, Concussive Shells  
  101  14:22  SCV x3, Medivac  
  106  14:32  Refinery  
  106  14:34  SCV  
  106  14:35  SCV x2  
  109  14:46  SCV  
  109  14:47  SCV x2  
  109  14:51  Medivac  
  114  14:58  SCV  
  114  14:59  SCV x2  
  116  15:10  SCV  
  116  15:11  SCV x2  
  119  15:15  Missile Turret  
  119  15:21  SCV, Medivac  
  120  15:22  SCV  
  120  15:23  SCV x2  
  125  15:33  SCV, Marauder x3  
  125  15:34  Missile Turret  
  125  15:35  SCV x3, Factory Tech Lab  
  135  15:37  Siege Tank  
  138  15:47  Barracks  
  121  15:54  Marauder x3, Missile Turret  
  102  16:07  Factory Tech Lab  
  102  16:08  Siege Tank  
  102  16:09  Siege Tank  
  108  16:15  Marauder x2  
  108  16:16  Marauder  
  108  16:18  Medivac  
  116  16:37  Marauder x3  
  122  16:40  Siege Tank  
  122  16:41  Siege Tank  
  122  16:44  Barracks Tech Lab  
  128  16:48  Siege Tank  
  131  16:58  Marauder x3  
  131  17:00  Refinery  
  137  17:02  SCV, Planetary Fortress  
  137  17:03  SCV x3  
  141  17:12  Siege Tank  
  141  17:15  SCV x2  
  146  17:16  Marauder  
  146  17:19  Marauder  
  146  17:20  Marauder x2  
  146  17:21  Refinery  
  146  17:22  Siege Tank  
  143  17:37  Marauder  
  143  17:41  Marauder x3  
  147  17:53  Siege Tank  
  150  17:58  Marauder  
  150  18:02  Marauder x3  
Tags
 
Add a new tag
Caveats
  • Supply blocks, unpowered buildings, or Contaminate may cause inaccurate times.
  • Supply counts are checked every 10 seconds.